 Dungeon Crawl Stone Soup version 0.19-a0-1051-gdb7e7f8 (webtiles) character file.

3561 mistymad the Grappler (level 9, 0/92 HPs)
             Began as a Troll Monk on Aug 1, 2016.
             Slain by Erica
             ... wielding a +3 scimitar of flaming
              (2 damage)
             ... on level 8 of the Dungeon.
             The game lasted 00:13:59 (7507 turns).

mistymad the Grappler (Troll Monk)                  Turns: 7507, Time: 00:14:00

Health: 0/92       AC:  8    Str: 23      XL:     9   Next: 83%
Magic:  0/8        EV: 13    Int:  9      God:
Gold:   266        SH:  0    Dex: 13 (14) Spells: 0 memorised, 8 levels left

rFire  + . .     SeeInvis .       - Unarmed
rCold  . . .     Gourm    +     a - +1 robe
rNeg   . . .     Faith    .     (no shield)
rPois  .         Spirit   +     (helmet restricted)
rElec  .         Dismiss  .     (no cloak)
rCorr  .         Reflect  .     (gloves unavailable)
SustAt .         Harm     .     (boots unavailable)
MR     .....                    h - amulet of guardian spirit
Stlth  +.........               l - ring of wizardry
                                y - ring of protection from fire

@: very slightly contaminated, invisible, not resistant to hostile enchantments,
very unstealthy
A: unfitting armour, claws 3, yellow scales 1, agile 1, blurry vision 1, fast
metabolism 3, gourmand, regeneration 2, shaggy fur 1, strong 1, tough skin 2, no
device heal 1
a: no special abilities


You were on level 8 of the Dungeon.
You were full.

You visited 2 branches of the dungeon, and saw 9 of its levels.

You collected 266 gold pieces.

Inventory:

Missiles
 u - 11 javelins (quivered)
Armour
 a - a +1 robe (worn)
 q - the +1 large shield of Koitomio {Str+4 Dex+9}
   (You acquired it on level 6 of the Dungeon)

   It affects your strength (+4).
   It affects your dexterity (+9).
Jewellery
 h - an amulet of guardian spirit (around neck)
 l - a ring of wizardry (right claw)
 y - a ring of protection from fire (left claw)
Wands
 g - a wand of slowing (19/48)
 p - a wand of lightning (1/15)
 v - a wand of teleportation (3/9)
 x - a wand of flame (20/48)
Scrolls
 f - 3 scrolls of fog
 k - 3 scrolls of amnesia
 m - 4 scrolls of teleportation
 o - a scroll of noise {unknown}
 s - 2 scrolls of identify
 w - 2 scrolls of fear {unknown}
Potions
 c - a potion of ambrosia {unknown}
 e - 7 potions of curing
 j - 2 potions of might {unknown}
 r - a potion of brilliance {unknown}
 t - a potion of beneficial mutation {unknown}
Comestibles
 b - 7 bread rations
 d - 11 fruits
 n - 2 meat rations


   Skills:
 + Level 6.9 Fighting
 + Level 7.0 Dodging
 - Level 1.1 Stealth
 + Level 3.4 Shields
 + Level 8.3 Unarmed Combat


You had 8 spell levels left.
You didn't know any spells.

Dungeon Overview and Level Annotations

Branches:
Dungeon (8/15)             Temple (1/1) D:5
   Lair: D:8-11

Altars:
Ashenzari
Cheibriados
Dithmenos
Elyvilon
Fedhas
Gozag
Hepliaklqana
Kikubaaqudgha
Makhleb
Nemelex Xobeh
Okawaru
Pakellas
Qazlal
Ru
Sif Muna
Trog
Uskayaw
Vehumet
Xom
Yredelemnul
Zin
The Shining One

Annotations:
D:8 Erica


Innate Abilities, Weirdness & Mutations

You are too large for most types of armour.
You have claws for hands.
Your metabolism is lightning-fast.
You like to eat raw meat.
You heal very quickly.
You are covered in fur. (AC +1)
You have very tough skin. (AC +2)
You are partially covered in yellow scales. (AC +2)
You are agile. (Dex +2)
Scrolls take you a little longer to read.
Your muscles are strong. (Str +2)
Potions and wands are less effective at restoring your health.


Message History

You barely miss the iguana. The hippogriff bites you.
* * * LOW HITPOINT WARNING * * *
The hippogriff pecks you but does no damage.
The hippogriff closely misses you. The iguana bites you!
* * * LOW HITPOINT WARNING * * *
You take 10 damage, and have 10/92 hp.
You now have 1/8 mp.
You see here a crocodile corpse.
You strike the helpless hippogriff from behind!
You claw the hippogriff!
The hippogriff is heavily wounded.
The hippogriff closely misses you. The hippogriff pecks you.
* * * LOW HITPOINT WARNING * * *
The hippogriff claws you but does no damage.
You catch the helpless hippogriff completely off-guard!
You claw the hippogriff!
The hippogriff is almost dead.
Erica hits you with a scimitar of flaming!
* * * LOW HITPOINT WARNING * * *
Erica burns you.
You die...

# #. #.. ###.. .#.
....?$###### ..h.
........†@@##### .h..
.......###H.(.)## ..#..
#.........l...(.## #.....
#.####....#####..###....#
# ###.. #..(†...# #.>
#..@##...#
#........#.(..#
##...#.........?...
#......#......###.


You could see Erica, a hippogriff and an iguana.

Vanquished Creatures
  Pikel (D:5)
  Joseph (D:7)
  A hippogriff (D:6)
  A wyvern (D:8)
  An orc warrior (D:6)
  A sky beast (D:7)
  2 ice beasts
  3 ogres
  A phantom (D:5)
  3 centaurs
  A crocodile (D:8)
  A big kobold (D:5)
  3 giant frogs
  2 scorpions
  3 howler monkeys (D:8)
  2 crimson imps
  A centaur zombie (D:7)
  A quasit (D:8)
  5 hounds
  A gnoll shaman (D:7)
  2 giant frog skeletons (D:7)
  2 jellies (D:8)
  3 orc wizards (D:4)
  A centaur skeleton (D:4)
  3 iguanas
  8 worker ants
  A killer bee zombie (D:7)
  A hound skeleton (D:4)
  6 adders
  3 gnolls (D:7)
  2 oozes
  2 worms (D:3)
  5 dart slugs
  5 giant geckos
  10 orcs
  6 giant cockroaches
  8 hobgoblins
  11 jackals
  27 kobolds
  6 quokkas
  A ball python (D:4)
  11 bats
  5 giant newts
  5 goblins
  A quokka skeleton (D:4)
  5 rats
  3 plants (D:5)
178 creatures vanquished.

Vanquished Creatures (others)
  A giant frog (D:5)
1 creature vanquished.

Grand Total: 179 creatures vanquished

Notes
Turn   | Place    | Note
-------+----------+-------------------------------------------
     0 | D:1      | mistymad the Troll Monk began the quest for the Orb.
     0 | D:1      | Reached XP level 1. HP: 22/22 MP: 0/0
   139 | D:1      | Reached XP level 2. HP: 29/29 MP: 1/1
   426 | D:1      | Reached XP level 3. HP: 36/36 MP: 2/2
  1041 | D:2      | Reached XP level 4. HP: 37/45 MP: 3/3
  1760 | D:3      | Noticed an ogre
  1770 | D:3      | Killed an ogre
  1770 | D:3      | Reached skill level 4 in Unarmed Combat
  1770 | D:3      | Reached XP level 5. HP: 53/53 MP: 4/4
  2708 | D:4      | Reached XP level 6. HP: 40/62 MP: 3/5
  2904 | D:4      | Reached skill level 5 in Unarmed Combat
  3154 | D:4      | Reached XP level 7. HP: 70/70 MP: 6/6
  3729 | D:5      | Entered Level 5 of the Dungeon
  3789 | D:5      | Found a staircase to the Ecumenical Temple.
  3814 | Temple   | Entered the Ecumenical Temple
  4316 | D:5      | Reached skill level 6 in Unarmed Combat
  4482 | D:5      | Noticed Pikel
  4488 | D:5      | Killed Pikel
  4488 | D:5      | Reached skill level 5 in Fighting
  4488 | D:5      | Reached skill level 5 in Dodging
  4488 | D:5      | Reached XP level 8. HP: 69/81 MP: 3/7
  5093 | D:6      | Reached skill level 7 in Unarmed Combat
  5268 | D:6      | Identified a scroll of acquirement
  5271 | D:6      | Got a twisted large shield
  5277 | D:6      | Identified the +1 large shield of Koitomio {Str+4 Dex+9} (You acquired it on level 6 of the Dungeon)
  5778 | D:6      | Reached skill level 1 in Shields
  5778 | D:6      | Reached XP level 9. HP: 78/89 MP: 6/8
  6014 | D:6      | Found a sacrificial altar of Ru.
  6125 | D:7      | Noticed Joseph
  6445 | D:7      | Killed Joseph
  7123 | D:7      | Reached skill level 8 in Unarmed Combat
  7131 | D:7      | Gained mutation: Scrolls take you a little longer to read. [mutagenic meat]
  7134 | D:7      | Gained mutation: Your muscles are strong. (Str +2) [mutagenic meat]
  7137 | D:7      | Gained mutation: You are agile. (Dex +2) [mutagenic meat]
  7140 | D:7      | Gained mutation: Potions and wands are less effective at restoring your health. [mutagenic meat]
  7143 | D:7      | Gained mutation: You are partially covered in yellow scales. (AC +2) [mutagenic meat]
  7486 | D:8      | Noticed Erica
  7507 | D:8      | HP: 2/92 [Erica/scimitar of flaming (9)]
  7507 | D:8      | Slain by Erica

Vault maps used:
D:1:      elethiomel_arrival_maze, st_stairs_13
D:2:      first_bread
D:4:      minmay_opposing_rooms, st_stairs_9
D:5:      kennysheep_kobold_camp, uniq_pikel
D:6:      marbit_many_paths
D:7:      uniq_joseph
D:8:      basic_altar, uniq_grum, uniq_erica
Temple:   kilobyte_greek_temple

Skill      XL: |  1  2  3  4  5  6  7  8  9 |
---------------+----------------------------+-----
Dodging        | 3 4 5 6 7 |  7.0
Fighting       | 3 4 5 6 |  6.9
Unarmed Combat | 4 5 6 7 8 |  8.3
Shields        | 1 3 |  3.4
Stealth        | |  1.1

Action                   |  1- 3 |  4- 6 |  7- 9 || total
-------------------------+-------+-------+-------++-------
Melee: Unarmed           |    83 |   144 |   360 ||   587
       Punch             |       |     2 |    15 ||    17
Throw: Javelin           |       |       |     1 ||     1
  Use: Scroll            |     1 |     7 |     4 ||    12
       Potion            |       |       |     3 ||     3
 Stab: Sleeping          |     2 |       |       ||     2
       Invisible         |       |       |     6 ||     6
  Eat: Chunk             |    10 |    23 |    42 ||    75
Armor: Robe              |    34 |    31 |    86 ||   151
       Skin              |       |       |    24 ||    24
Dodge: Dodged            |    47 |    77 |   234 ||   358
